 Dungeon Crawl Stone Soup version 0.16-a0-1218-g8731af7 (webtiles) character file.

11 Bloax the Insei (level 2, -1/18 HPs)
             Began as an Octopode Transmuter on Oct 12, 2014.
             Slain by a jackal (3 damage)
             ... on level 1 of the Dungeon.
             The game lasted 00:01:05 (227 turns).

Bloax the Insei (Octopode Transmuter)                Turns: 227, Time: 00:01:05

Health: -1/18      AC:  1    Str:  9    XL:     2   Next: 25%
Magic:  5/5        EV: 12    Int: 15    God:
Gold:   32         SH:  0    Dex: 12    Spells: 1 memorised, 5 levels left

rFire  . . .     SeeInvis .       - Unarmed
rCold  . . .     Clarity  .     (no shield)
rNeg   . . .     SustAb   .     (helmet restricted)
rPois  .         Gourm    .     (no amulet)
rElec  .         Spirit   .     (no ring)
rCorr  .         Warding  .     (no ring)
rMut   .         Stasis   .     (no ring)
MR     .....                    (no ring)
Stlth  ++........               (no ring)
                                (no ring)
                                (no ring)
                                (no ring)

@: not resistant to hostile enchantments, unstealthy
A: almost no armour, amphibious, 8 rings, constrict 8, camouflage 1, gelatinous
body 1
a: no special abilities


You were on level 1 of the Dungeon.
You were not hungry.

You visited 1 branch of the dungeon, and saw 1 of its levels.

You collected 32 gold pieces.


Innate Abilities, Weirdness & Mutations

You cannot wear most types of armour.
You are amphibious.
You can wear up to eight rings at the same time.
You can use your tentacles to constrict many enemies at once.
Your skin changes colour to match your surroundings (Stealth).
Your rubbery body absorbs attacks (AC +1).


   Skills:
 - Level 1.1 Fighting
 - Level 2.1 Dodging
 + Level 3.4 Unarmed Combat
 + Level 2.9 Spellcasting
 + Level 2.4 Transmutations


You had 5 spell levels left.
You knew the following spells:

 Your Spells              Type           Power        Failure   Level  Hunger
a - Beastly Appendage     Trmt           #.....       10%         1    #......


Dungeon Overview and Level Annotations

Branches:
Dungeon (1/15)

Altars:

Inventory:

Missiles
 b - 12 arrows
Scrolls
 e - a scroll of amnesia {unknown}
 h - a scroll of random uselessness {unknown}
Potions
 c - 2 potions of cure mutation {unknown}
 f - a potion of lignification {unknown}
 g - a potion of curing {unknown}
 i - a potion of heal wounds {unknown}
Books
 d - a book of Changes

   Spells                             Type                      Level
   *Beastly Appendage                 Transmutation                1
   Sticks to Snakes                   Transmutation                2
   Spider Form                        Transmutation/Poison         3
   Ice Form                           Ice/Transmutation            4
   Blade Hands                        Transmutation                5
Comestibles
 a - a bread ration

#. #...#.##.........# #
#.##.###).#.##.........###.#
...........................####
................................
#.##.#...##.########.#####.####
#.....................#.# #
................h.....#.#
..........#.####h###....#
####......#.####@###..#.#
...........................#
###..####..###.......#.##..#
#..####..# #.......#.#
.........>###..........
#......................
#..#####.........#... ## ###..#
####......#...
##.#..########......#...


You could see 2 jackals.


Message History

h - a scroll labeled IGUNKY DULI
i - a silvery potion The hobgoblin shouts!
You hear a bark!
You barely miss the hobgoblin.
You thwack the hobgoblin.
The hobgoblin is heavily wounded.
The hobgoblin barely misses you.
You closely miss the hobgoblin. You grab the hobgoblin.
You squeeze the hobgoblin.
You kill the hobgoblin!
No target in view!
No target in view!
A jackal comes into view.
A jackal comes into view. x2
A jackal comes into view.
You completely miss the jackal. You tentacle-slap the jackal.
You smack the jackal.
The jackal is almost dead.
The jackal moves out of view.
The jackal closely misses you. The jackal barely misses you.
You barely miss the jackal.
The jackal is almost dead.
The jackal barely misses you. x2
You closely miss the jackal.
The jackal is almost dead.
The jackal misses you. x2
You tentacle-slap the jackal but do no damage.
The jackal is almost dead.
The jackal barely misses you. x4
The jackal closely misses you.
You barely miss the jackal. You grab the jackal.
You thwack the jackal.
You kill the jackal!
The jackal barely misses you.
You barely miss the jackal. The jackal bites you. The jackal barely misses you.
The jackal bites you but does no damage.
The jackal bites you.
You barely miss the jackal.
The jackal bites you but does no damage.
The jackal bites you. The jackal barely misses you. The jackal bites you.
* * * LOW HITPOINT WARNING * * *
You closely miss the jackal.
You thwack the jackal, but do no damage.
The jackal misses you. The jackal barely misses you.
The jackal barely misses you. x2
The jackal closely misses you.
You tentacle-slap the jackal but do no damage.
You grab the jackal.
You squeeze the jackal, but do no damage.
You constrict the jackal, but do no damage.
The jackal bites you.
* * * LOW HITPOINT WARNING * * *
The jackal bites you.
* * * LOW HITPOINT WARNING * * *
The jackal closely misses you. The jackal barely misses you.
You release your grip on the jackal.
The jackal bites you.
* * * LOW HITPOINT WARNING * * *
The jackal bites you.
* * * LOW HITPOINT WARNING * * *
The jackal closely misses you. The jackal closely misses you.
The jackal barely misses you.
You tentacle-slap the jackal.
The jackal is severely wounded.
The jackal misses you.
You closely miss the jackal. You grab the jackal.
You slap the jackal.
You kill the jackal!
The jackal bites you.
* * * LOW HITPOINT WARNING * * *
You tentacle-slap the jackal but do no damage.
The jackal bites you.
You die...

Action                   || total
-------------------------++-------
Melee: Unarmed           ||    23
 Stab: Sleeping          ||     1

Vault maps used:
D:1:      dpeg_arrival_tiny_k

Notes
Turn   | Place    | Note
--------------------------------------------------------------
     0 | D:1      | Bloax, the Octopode Transmuter, began the quest for the Orb.
     0 | D:1      | Reached XP level 1. HP: 13/13 MP: 3/3
    85 | D:1      | Reached XP level 2. HP: 16/18 MP: 5/5
   219 | D:1      | HP: 4/18 [jackal (1)]
   226 | D:1      | HP: 2/18 [jackal (2)]
   227 | D:1      | Slain by a jackal

Vanquished Creatures
  A bat (D:1)
  A giant cockroach (D:1)
  A hobgoblin (D:1)
  6 jackals (D:1)
9 creatures vanquished.
